woodfighter, chaotic female orcish Cavewoman }}}}}}}}}}}}}}}}}}}}}}}}}}}}}}}}}}}}}}}}}}}}}}}}}}}}}}}}}}}}}}}}}}}}}}}}}}} }}}}}}}}}}}}}}}}}}}}}}}}}}}}}}}}}}}}}}}}}}}}}}}}}}}}}}}}}}}}}}}}}I}}}}}}}}} }------}}}}}}}}}}}}}}}}}}}}}}}}}}}}}}}}}}}}}}-------}}}}}}}}--------------} }|....|}}}}}}}}}}}}}}}}}}}}}}}}}}}}}}}}}}}}}}|.....--}}}}}}}|............|} }|....|}}}}}}}}}}}}}}}}}}}}}}}}}}}}}}}}}}}}}}|--.....}}}}}}}|.o..........|} }|....|}}}}}}}---}}}}}}}}I}}}}}}}}}}}}}}}}}---...|..|}}}}}}}-.o----------|} }|....|}}}}}}}|..}}}}}}}}}}}}}}}}}}}}}}}}}}}...2.----}}}}}}}|..o.........|} }|....|}}}}}}}|...}--}}}}}}}}}}}}}}}}}}}}}}----...-|}}}}}}}%|..--------|-|} }|.%..|}}}}}}}}.....}}}}}}}}}}}}}}}}}}}}}}}}}}---..|--}}}}}}|..|``*...|..|} }|).<.|}}}}}}}-}}..|}}}}}}}------}}}}}}}}}}}}}}|...|`|}}}}}}|.^|`*|...|..|} }|....|}}}}}}}}}}---}}}}}}}}.....}}}}}}}}}}}}---)|...}}}}}}}|..|``|.*.|..|} }|....|}}}}}}}}}}}}}}}}}}}|}...|..}|}}}}}}}}--...|---}}}}}}}|..|``|...|`.|} }|....|}}}}}}}}}}}}}}}}}}}---..--------}}}}}|..---}}}}}}}}}}|..|..-------|} }|...}|...}}}}}}}}}}}}}}}}}}|-.........}@}}}}}--}}}}}}}}}}}}|..|.........|} }|..`.-...}}}}}}}}}}}}}}}}}}|..--------};;}}}}}}}}}}}}}}}}}}|..--------..|} }|...}|...};}}}}}}}}}}}}}----..|....|}}}}}}}}}}}}}}}}}}.}}}}|.......`...^|} }|....|}}}}}}}}}}}}}}}}}}|.......----}}}}}m}}}}}}}}}}%..}}}}|............|} }------}}}}}}}}}}}}}}}}}}---------}}}}}}}}}}}}}}}}}}}}}}}}}}--------------} }}}}}}}}}}}}}}}}}}}}}}}}}}}}}}}}}}}}}}}}}}}}}}}}}}}}}}}}}}}}}}}}}}}}}}}}}}} }}}}}}}}}}}}}}}}}}}}}}}}};}}}}}}}}}}}}}}}}}}}}}}}}}}}}}}}}}}}}}}}}}}}}}}}}} woodfighter the Cave Woman Experience level: 12 Strength: 25 Dexterity: 16 Constitution: 17 Intelligence: 8 Wisdom: 13 Charisma: 7 Health: 94(94) Energy: 49(49) Def: 29 Gold: 0 Moves: 23875 Dungeon seed: 2Gs6QvIR3CMiIJan Game ID: woodfighter_1496319737 Your Inventory: Weapons a - a +0 dwarvish spear (weapon in hand) v - 4 cursed +0 elven spears (in quiver) Armor e - an uncursed +0 helm of brilliance (being worn) n - a blessed greased +4 gray dragon scale mail (being worn) B - a blessed fireproof +3 pair of speed boots H - a blessed +4 shield of reflection (being worn) J - a cursed -1 pair of gauntlets of fumbling N - a blessed +1 pair of levitation boots (being worn) P - an uncursed very rusty corroded +0 pair of gauntlets of power (being worn) Y - an uncursed +0 cloak of invisibility (being worn) Comestibles L - an uncursed clove of garlic O - 3 uncursed food rations Z - an uncursed lizard corpse Rings G - a blessed +1 ring of protection (on left hand) T - an uncursed ring of free action (on right hand) Tools i - an uncursed towel (being worn) j - the blessed greased rustproof Master Key of Thievery k - an uncursed stethoscope q - a -1 unicorn horn s - a blessed bag of holding y - an uncursed lock pick S - a +0 pick-axe W - a can of grease (0:12) Gems z - an uncursed luckstone Contents of the bag of holding: an uncursed [+0] dwarvish spear an uncursed cram ration an uncursed eucalyptus leaf 5 uncursed food rations 2 uncursed lembas wafers an uncursed wand of death [0:4] an uncursed wand of digging [0:2] an uncursed wand of fire [0:5] an uncursed wand of teleportation [0:5] an uncursed wand of wishing [2:1] an uncursed magic marker [0:80] an uncursed magic whistle an uncursed oil lamp [0:1319] an uncursed [+0] unicorn horn Spells and supernatural/magical abilities: Name Level Category Fail Memory W - pray for help -- divine ? -- Your skills at the end: Miscellaneous Skills bare handed combat [Basic] shield [Basic] Weapon Skills scimitar [Basic] club [Expert] spear [Skilled] sling [Basic] Spellcasting Skills Final Attributes: You were piously aligned. You were fire resistant. You were cold resistant. You were sleep resistant. You were disintegration-resistant. You were shock resistant. You were poison resistant. You were magic-protected. You saw invisible. You were telepathic. You were warned. You had infravision. You were invisible to others. You were very stealthy. You had teleport control. You were levitating. You were held by an electric eel. You were protected. You were fast. You had reflection. You had free action. You were lucky. You had extra luck. Bad luck did not time out for you. Good luck did not time out for you. You are dead. Vanquished creatures: Medusa an iron golem a gray dragon a titan a purple worm 2 minotaurs a young black dragon a young blue dragon 4 stone golems a master mind flayer a Nazgul a trapper a guardian naga a lich 3 clay golems a nurse a lurker above an Aleax 2 black puddings 3 vampires 2 ghosts 4 ettins a queen bee a winged gargoyle a mind flayer 2 giant mimics an Elvenking 3 ice trolls a rock troll 4 umber hulks a flesh golem a doppelganger a large mimic a wumpus a long worm 11 couatls 6 stalkers 2 fire elementals a water elemental a black naga 2 elf-lords 3 giant zombies 5 wargs 2 winter wolves 2 quantum mechanics 3 small mimics 2 island nymphs 2 glass piercers 2 warhorses 4 xans an ettin mummy 9 trolls 3 sasquatches 2 wood golems 3 electric eels a pyrolisk a large dog 2 freezing spheres a flaming sphere 4 shocking spheres 4 tigers 3 gargoyles 7 tengu 6 gelatinous cubes an ochre jelly 2 crocodiles a chameleon 2 leocrottas an energy vortex 3 mountain centaurs 2 giants 2 human mummies 2 red nagas 8 Grey-elves a pit viper 2 pythons 3 cobras 3 wraiths a leather golem a soldier 4 incubi 3 giant beetles 6 cockatrices 4 wolves 6 winter wolf cubs a black light a lynx 17 gremlins 11 leprechauns 2 quivering blobs a spotted jelly a lizard 3 mountain nymphs an orc-captain a mumak 7 giant spiders an iron piercer 3 horses an ice vortex 5 vampire bats a forest centaur 3 gnome kings 2 orc mummies 3 dwarf mummies 2 brown puddings 9 Green-elves a rust monster 2 owlbears 2 yetis 2 gold golems 2 werewolves 3 piranhas 9 chickatrices 2 dogs a dingo a housecat 4 jaguars 3 dwarf lords 2 blue jellies 3 white unicorns 2 dust vortices 2 ravens 5 plains centaurs 2 gnome mummies 5 Woodland-elves 3 snakes 7 apes 4 human zombies 2 rope golems 4 soldier ants 2 fire ants 5 yellow lights 18 bugbears 4 wood nymphs 4 Mordor orcs 2 Uruk-hai a rock mole 5 rock piercers 3 ponies 5 fog clouds a shrieker a violet fungus 19 gnome lords 8 gnomish wizards 3 kobold mummies a guardian naga hatchling 2 gray oozes 2 ghouls 3 straw golems 2 jellyfish 9 giant ants 3 puppies 3 floating eyes 4 kittens 23 dwarves 4 homunculi 2 kobold lords 2 kobold shamans 9 iguanas 3 hill orcs 6 rothes 2 rabid rats a centipede 5 jitterbugs 4 giant bats 2 monkeys 2 orc zombies a dwarf zombie 2 wererats a werejackal 12 killer bees 2 coyotes 2 gas spores 6 hobbits 2 acid blobs 4 large kobolds 5 geckos 25 hobgoblins 11 giant rats 12 cave spiders 3 brown molds 2 yellow molds a green mold 3 red molds 54 gnomes 19 garter snakes 3 gnome zombies 3 jackals 3 foxes 3 kobolds 14 newts 4 goblins 6 sewer rats 6 grid bugs 5 bats 6 lichens 751 creatures vanquished. Voluntary challenges: You did not cause conflict. You were not displaced. You had been an atheist until turn 3800. You used a wielded weapon 1654 times, starting on turn 56. You did not use plumbed fixtures. You read items or engraved 16 times, starting on turn 3799. You never genocided any monsters. You never polymorphed an object. You never changed form. You completed Sokoban on turn 6337, according to the rules. You used 4 wishes, starting on turn 6527. You wished for your your first artifact on turn 14331. You never split a pudding. You never wrote Elbereth's name. You never violated your personal moral code. Dungeon overview: The Dungeons of Doom: levels 1 to 28 Level 1 (locked box) an altar to Anu, some fountains a long staircase Level 2 a fountain Level 3 (locked box) Level 4 a fountain stairs to The Gnomish Mines Level 5 (locked box) Level 6 some fountains Level 7 a sink Level 8 (oracle) many fountains Level 9 stairs to Sokoban Level 10 a fountain Level 11 an altar to Anu Level 12 Level 13 some fountains Level 14 (quest, vault) a fountain portal to The Quest Level 15 a fountain Level 16 some fountains Level 17 (rogue) Level 18 (red dragon hall) some altars to Anu Level 19 a fountain Level 20 (vault?) a sink Level 21 a fountain Level 22 an altar to Anshar, a fountain Level 23 <- You were here Level 24 Level 25 Level 26 Level 27 Level 28 The Gnomish Mines: levels 5 to 12 Level 5 stairs to The Dungeons of Doom Level 6 Level 7 many shops, a temple to Ishtar, a magic chest, some fountains Level 8 Level 9 Level 10 Level 11 Level 12 many altars to Moloch, a magic chest, some fountains The Quest: Level 1 portal to The Dungeons of Doom Sokoban: levels 5 to 8 Level 5 a magic chest Level 6 Level 7 Level 8 an altar to Anshar, a magic chest stairs to The Dungeons of Doom History has recorded: On T:1 you entered the Dungeons of Doom to retrieve the Amulet of Yendor! On T:129 you reached level 2 of The Dungeons of Doom. On T:429 you reached level 3 of The Dungeons of Doom. On T:748 you reached level 4 of The Dungeons of Doom. On T:819 you advanced to experience level 2. On T:1178 you reached level 5 of The Dungeons of Doom. On T:1336 you reached level 1 of The Gnomish Mines. On T:1509 you advanced to experience level 3. On T:1708 you advanced to experience level 4. On T:2100 you reached level 6 of The Dungeons of Doom. On T:2174 you reached level 7 of The Dungeons of Doom. On T:2441 you advanced to experience level 5. On T:2928 you reached level 8 of The Dungeons of Doom. On T:2976 you advanced to experience level 6. On T:3241 you reached level 9 of The Dungeons of Doom. On T:3604 you reached level 10 of The Dungeons of Doom. On T:3783 you reached level 4 of Sokoban. On T:3795 you opened a magic chest. On T:3997 you advanced to experience level 7. On T:4466 you reached level 3 of Sokoban. On T:4719 you reached level 2 of Sokoban. On T:5082 you reached level 1 of Sokoban. On T:5144 you prayed to Anshar. On T:6337 you advanced to experience level 8. On T:6337 you entered the Sokoban zoo. On T:6431 you prayed to Anshar. On T:6527 you wished for "+3 blessed greased fixed gray dragon scale mail". On T:7332 you reached level 2 of The Gnomish Mines. On T:7760 you reached level 3 of The Gnomish Mines. On T:7990 you entered the Minetown temple On T:8089 you reached level 4 of The Gnomish Mines. On T:8550 you wished for "5 +3 blessed fixed silver spears". On T:8647 you advanced to experience level 9. On T:8790 you reached level 5 of The Gnomish Mines. On T:9084 you reached level 6 of The Gnomish Mines. On T:9318 you reached level 7 of The Gnomish Mines. On T:9784 you reached level 8 of The Gnomish Mines. On T:9784 you reached the bottom of the Mines. On T:11348 you advanced to experience level 10. On T:11820 you prayed to Anshar. On T:12085 you reached level 11 of The Dungeons of Doom. On T:12498 you reached level 12 of The Dungeons of Doom. On T:12841 you reached level 13 of The Dungeons of Doom. On T:13343 you reached level 14 of The Dungeons of Doom. On T:13573 you reached level 1 of The Quest. On T:13710 you reached level 15 of The Dungeons of Doom. On T:13923 you wished for "+3 blessed fixed greased speed boots". On T:14009 you reached level 16 of The Dungeons of Doom. On T:14331 you wished for "blessed greased fixed The master key of thievery". On T:14418 you advanced to experience level 11. On T:14578 you reached level 17 of The Dungeons of Doom. On T:14578 you entered the Rogue tribute level. On T:14898 you reached level 18 of The Dungeons of Doom. On T:14995 you reached level 19 of The Dungeons of Doom. On T:15505 you reached level 20 of The Dungeons of Doom. On T:16039 you reached level 24 of The Dungeons of Doom. On T:16109 you reached level 25 of The Dungeons of Doom. On T:16472 you reached level 23 of The Dungeons of Doom. On T:16606 you killed Medusa on level 24 of The Dungeons of Doom. On T:16786 you advanced to experience level 12. On T:16945 you reached level 22 of The Dungeons of Doom. On T:16979 you reached level 21 of The Dungeons of Doom. On T:20374 you reached level 26 of The Dungeons of Doom. On T:20636 you reached level 27 of The Dungeons of Doom. On T:21422 you reached level 28 of The Dungeons of Doom. Score breakdown: Gold: 0 ( 0 points) Experience: 12 levels ( 1100 points) Exploration: 28 levels ( 810 points) Discoveries: 57 items ( 2000 points) Variety of kills: 196 monsters ( 2000 points) Major goal: Sokoban/Mines ( 1500 points) Survival: died (score multiplied by 3) Total score: 22230 Latest messages: The invisible black light explodes! You are caught in a blast of kaleidoscopic light! You are freaked out. Everything looks SO boring now. You are now wearing a towel around your head. You can't see any more. You jab the jellyfish. You kill the jellyfish! (2x) You jab the electric eel. The electric eel bumps right into you! You jab the electric eel. The electric eel bites! You get zapped but aren't shocked. The electric eel swings itself around you! You can't see! (You can feel around with 'grope', typically on ^G.) Status of the electric eel (neutral): Level 10 HP 26(53) Def 13, holding you. You start removing your pair of levitation boots. You stop changing your equipment. The electric eel misses. (2x) You cannot escape from the electric eel! The electric eel bites! The electric eel drowns you... Final status: Goodbye woodfighter the Cavewoman, drowned in a moat by an electric eel... You drowned in The Dungeons of Doom on dungeon level 23 with 22230 points, and 0 pieces of gold, after 23875 moves. You were level 12 with a maximum of 94 hit points when you drowned.